 Dungeon Crawl Stone Soup version 0.31-a0-339-gda1cbd555d (webtiles) character file.

Game seed: 11517379684254303840

1563 Maxmaps the Basher (level 8, -3/75 HPs)
             Began as an Ogre Shapeshifter on July 20, 2023.
             Slain by a gnoll bouda
             ... wielding a +0 club
              (5 damage)
             ... on level 6 of the Dungeon.
             The game lasted 00:07:20 (5773 turns).

Maxmaps the Basher (Ogre Shapeshifter)              Turns: 5773, Time: 00:07:21

Health: -3/75      AC:  8    Str: 20    XL:     8   Next: 89%
Magic:  0/8        EV:  9    Int: 11    God:
Gold:   135        SH:  0    Dex:  9    Spells: 7/7 levels left

rFire   . . .        q - +0 giant spiked club
rCold   . . .        (shield currently unavailable)
rNeg    . . .        a - +1 animal skin
rPois   .            (helmet currently unavailable)
rElec   .            (cloak currently unavailable)
rCorr   .            (gloves unavailable)
SInv    .            (boots unavailable)
Will    .....        j - amulet of guardian spirit
Stlth   +            h - +4 ring of protection
HPRegen 0.32/turn    (no ring)
MPRegen 0.11/turn

%: guardian spirit
@: beast-form, weakened
A: beast (slay +3), large, unfitting armour, tough skin 1
a: Begin Untransformation


You were on level 6 of the Dungeon.
You were a hulking beast.
You visited 2 branches of the dungeon, and saw 7 of its levels.
You also visited: Sewer and Ossuary.

You collected 297 gold pieces.
You spent 162 gold pieces at shops.

Inventory:

Hand Weapons
 i - a +1 mace
 q - a +0 giant spiked club (weapon)
Armour
 a - a +1 animal skin (worn)
Jewellery
 f - a ring of protection from fire
 h - a +4 ring of protection (left hand)
 j - an amulet of guardian spirit (around neck)
Talismans
 c - a beast talisman
Wands
 w - a wand of acid (7)
Scrolls
 e - a scroll of revelation
 g - 2 scrolls of teleportation
 l - 2 scrolls of poison
 m - 3 scrolls of enchant armour
 r - 2 scrolls of amnesia
 t - a scroll of brand weapon {unknown}
 u - 3 scrolls of blinking
Potions
 b - 2 potions of lignification
 d - a potion of attraction {unknown}
 k - a potion of ambrosia {unknown}
 n - 2 potions of curing
 o - 3 potions of brilliance
 p - 2 potions of mutation {unknown}
 s - a potion of resistance {unknown}
 v - a potion of cancellation {unknown}


   Skills:
 - Level 3.0 Fighting
 + Level 8.4 Maces & Flails
 - Level 1.7 Dodging
 - Level 2.6 Unarmed Combat
 - Level 5.3 Shapeshifting


You had 7 spell levels left.
You didn't know any spells.
Your spell library contained the following spells:

 Spells                   Type           Power      Damage    Failure   Level
 Kiss of Death            Conj/Necr      0%         2d5       34%         1
 Confusing Touch          Hex            0%         N/A       71%         3
 Dispel Undead            Necr           0%         3d6       98%         4


Dungeon Overview and Level Annotations

Branches:
Dungeon (6/15)             Temple (1/1) D:4           Sewer (visited)
Ossuary (visited)

Altars:
Cheibriados
Dithmenos
Elyvilon
Fedhas
Gozag
Hepliaklqana
Kikubaaqudgha
Makhleb
Nemelex Xobeh
Qazlal
Ru
Sif Muna
Trog
Uskayaw
Vehumet
Wu Jian
Xom
Yredelemnul
Zin

Shops:
D:1 [   D:4 *


Innate Abilities, Weirdness & Mutations

You are a hulking beast.
Your limbs bulge with bestial killing power. (Slay +3)
You are too large for most types of armour.
You have tough skin. (AC +1)


Message History

The gnoll bouda gazes fiercely through you!
You feel your attacks grow feeble.
You closely miss the gnoll bouda. The gnoll bouda barely misses you.
The gnoll bouda gazes fiercely through you!
You feel as though you will be weak longer.
The gnoll bouda closely misses you.
You sock the gnoll bouda!
The gnoll bouda is almost dead.
The gnoll bouda gazes fiercely through you!
You feel as though you will be weak longer.
The gnoll bouda hits you with a +0 club.
* * * LOW HITPOINT WARNING * * *
You hit the gnoll bouda.
The gnoll bouda is almost dead.
The gnoll bouda mumbles some strange prayers to its god.
The gnoll bouda is healed somewhat.
You barely miss the gnoll bouda.
The gnoll bouda is severely wounded.
The gnoll bouda gazes fiercely through you!
You feel as though you will be weak longer.
The gnoll bouda hits you with a +0 club.
* * * LOW HITPOINT WARNING * * *
The gnoll bouda hits you with a +0 club.
* * * LOW HITPOINT WARNING * * *
You closely miss the gnoll bouda.
The gnoll bouda is severely wounded.
The gnoll bouda hits you with a +0 club!
* * * LOW HITPOINT WARNING * * *
Unknown command.
You hit the gnoll bouda.
The gnoll bouda is almost dead.
An iguana comes into view.
The gnoll bouda mumbles some strange prayers to its god.
The gnoll bouda is healed somewhat.
The gnoll bouda hits you but does no damage.
The iguana moves out of view.
You closely miss the gnoll bouda.
The gnoll bouda is heavily wounded.
The gnoll bouda hits you with a +0 club.
You die...

♣..P# #.# #(..#
#.# #...# #.#
.####..g###.#
#.#
.............#
#.#
#.###.##.#####
#.# #. #.# #.#
##.##.########.#
#.(.....gh.....#
#..##..#########
#...P~.♣
.....~P~~
......~~~♣#
####...### #.##
..


You could see a gnoll bouda.

Vanquished Creatures
  Menkaure (D:4)
  2 black bears
  A centaur (D:5)
  2 ogres
  2 bullfrogs
  4 elf zombies (Ossuary)
  A scorpion (D:5)
  A jelly (D:5)
  2 centaur zombies (Ossuary)
  2 hounds (D:5)
  4 iguanas
  2 mummies (Ossuary)
  10 adders
  A gnoll (D:6)
  A shadow imp (D:6)
  A white imp (D:5)
  2 adder zombies (Ossuary)
  7 dart slugs (D:3)
  7 orcs
  13 ball pythons
  4 bats
  7 endoplasms
  13 giant cockroaches
  7 goblins
  6 hobgoblins
  4 jackals
  10 quokkas
  8 frilled lizards
  A goblin zombie (Ossuary)
  9 hobgoblin zombies (Ossuary)
  5 kobolds
  14 kobold zombies (Ossuary)
  5 orc zombies (Ossuary)
  5 rats
164 creatures vanquished.

Notes
Turn   | Place    | Note
-------+----------+-------------------------------------------
     0 | D:1      | Maxmaps the Ogre Shapeshifter began the quest for the Orb.
     0 | D:1      | Reached XP level 1. HP: 19/19 MP: 1/1
   161 | D:1      | Reached XP level 2. HP: 21/29 MP: 2/2
   319 | D:1      | Found Nyficaoj's Antique Armour Shop.
   814 | D:2      | Reached skill level 1 in Maces & Flails
   828 | D:2      | Reached XP level 3. HP: 19/37 MP: 0/3
   948 | D:2      | Reached skill level 2 in Maces & Flails
  1418 | D:3      | Reached XP level 4. HP: 32/45 MP: 2/4
  1532 | D:3      | Found a faded altar of an unknown god.
  1846 | D:3      | Reached skill level 3 in Maces & Flails
  2271 | D:4      | Noticed a black bear
  2284 | D:4      | Killed a black bear
  2285 | D:4      | Reached skill level 4 in Maces & Flails
  2285 | D:4      | Reached XP level 5. HP: 43/53 MP: 2/5
  2324 | D:4      | Reached XP level 6. HP: 44/61 MP: 6/6
  2338 | D:4      | Found a sand-covered staircase.
  2347 | Ossuary  | Entered an ossuary
  2634 | Ossuary  | Reached skill level 5 in Maces & Flails
  2771 | Ossuary  | Reached skill level 6 in Maces & Flails
  2771 | Ossuary  | Reached XP level 7. HP: 38/67 MP: 5/7
  2856 | D:4      | Found a glowing drain.
  2902 | Sewer    | Entered a sewer
  3227 | Sewer    | Reached skill level 7 in Maces & Flails
  3667 | D:4      | Noticed Menkaure
  3679 | D:4      | Killed Menkaure
  3680 | D:4      | Reached XP level 8. HP: 34/75 MP: 2/8
  3691 | D:4      | Found a staircase to the Ecumenical Temple.
  3698 | Temple   | Entered the Ecumenical Temple
  3891 | D:4      | Found a basalt altar of Yredelemnul.
  4070 | D:4      | Found Luto's Assorted Antiques.
  4078 | D:4      | Bought a jade ring for 135 gold pieces
  4078 | D:4      | Bought a scroll labelled FIUSHA AMMOA for 27 gold pieces
  4534 | D:5      | Entered Level 5 of the Dungeon
  4727 | D:5      | Reached skill level 5 in Shapeshifting
  5377 | D:5      | Reached skill level 8 in Maces & Flails
  5771 | D:6      | HP: 1/75 [gnoll bouda/+0 club (7)]
  5773 | D:6      | Slain by a gnoll bouda

Illustrated notes

Levels and vault maps discovered:
D:1:      dpeg_arrival_orchard, layout_basic, serial_shops, shop
D:2:      layout_basic
D:3:      kennysheep_slugbush, layout_basic, serial_glass, glass_columns_a,
          glass_columns_c, basic_ecumenical_altar
D:4:      layout_basic, kennysheep_mini, minmay_temple_entry_ruins,
          nicolae_ossuary_entry_monument, portal_sewer_entry_f, serial_shops,
          nicolae_square_shop, uniq_menkaure
D:5:      layout_gridville
D:6:      black_bear_nest_1, layout_loops_ring, serial_bayou,
          serial_bayou_ford_a, serial_bayou_pond_e, serial_bayou_pond_a,
          serial_bayou_lagoon_a, serial_bayou_pond_d, serial_bayou_pond_b,
          minmay_manual_mares
Temple:   nicolae_temple_no_exploring_needed

Skill      XL: |  1  2  3  4  5  6  7  8 |
---------------+-------------------------+-----
Fighting       | 2 3 |  3.0
Maces & Flails | 1 2 4 6 7 8 |  8.4
Shapeshifting  | 4 5 |  5.3
Dodging        | |  1.7
Unarmed Combat | |  2.6

Action                     |  1- 3 |  4- 6 |  7- 9 || total
---------------------------+-------+-------+-------++-------
  Melee: Unarmed           |    12 |       |       ||    12
         Mace              |    55 |   208 |   195 ||   458
         Punch             |       |     5 |     2 ||     7
         Giant spiked club |       |       |    70 ||    70
    Use: Scroll            |       |     1 |    12 ||    13
   Stab: Sleeping          |     2 |       |       ||     2
 Armour: Animal skin       |    52 |   111 |   118 ||   281
  Dodge: Dodged            |    41 |   106 |   125 ||   272

Table legend: (Time is in decaauts)
 A = Elapsed time spent in this place.
 B = Non-inter-level travel time spent in this place.
 C = Inter-level travel time spent in this place.
 D = Time resting spent in this place.
 E = Time spent auto-exploring this place.
 F = Levels seen in this place.
 G = Mean time per level.
                   A        B        C        D        E       F      G
               +--------+--------+--------+--------+--------+-----+--------+
         Total |   5874 |   5601 |    273 |    584 |   3686 |   9 |  652.7 |
       Dungeon |   4651 |   4378 |    273 |    351 |   3205 |   6 |  775.2 |
        Temple |    109 |    109 |      0 |      0 |    108 |   1 |  109.0 |
         Sewer |    584 |    584 |      0 |    233 |    114 |   1 |  584.0 |
       Ossuary |    528 |    528 |      0 |      0 |    259 |   1 |  528.0 |
               +--------+--------+--------+--------+--------+-----+--------+

Top non-repeatable levels by time:
     D:5: 1183 daAuts
     D:4: 1106 daAuts
     D:3: 778 daAuts
     D:1: 753 daAuts
     D:2: 748 daAuts
   Sewer: 584 daAuts
 Ossuary: 528 daAuts
  Temple: 109 daAuts
     D:6: 81 daAuts
